Map: Jagannatha LE

Players

TheWolF

  • Race: Zerg Zerg
  • League: Diamond
  • Spawn Location: 1:00

MarcoMan - Winner!

  • Race: Protoss Protoss
  • League: Master
  • Spawn Location: 7:00

VOD

Have the link to the VOD?

Description

Time

  • Played on: Jan. 17, 2021, 9:23 p.m.
  • Length: 16:12
Show
View Real Time Build Order
Export as new Build Order

TheWolF Zerg 

Build Orders: Hatch First, Lurkers, Swarm Host 

Get SALT Encoding   

  12  0:00  Drone  
  13  0:12  Overlord  
  13  0:18  Drone  
  14  0:31  Drone x2  
  16  0:53  Hatchery, Drone  
  16  0:58  Drone  
  16  1:00  Drone  
  18  1:12  Extractor  
  18  1:16  Spawning Pool  
  16  1:19  Drone  
  16  1:24  Drone  
  18  1:32  Drone  
  19  1:42  Drone  
  20  1:51  Overlord  
  20  2:04  Queen  
  20  2:05  Queen  
  20  2:06  Zergling x4  
  26  2:17  Drone x2  
  28  2:32  Metabolic Boost  
  28  2:33  Hatchery  
  28  2:36  Drone  
  28  2:40  Drone  
  28  2:44  Drone x2  
  31  2:47  Drone  
  31  2:50  Overlord  
  32  3:02  Drone x2  
  34  3:09  Zergling x4  
  34  3:12  Queen  
  38  3:21  Drone x3  
  38  3:24  Overlord  
  40  3:28  Queen  
  40  3:32  Drone  
  43  3:39  Overlord  
  43  3:41  Drone  
  44  3:51  Queen  
  46  3:56  Drone x6  
  46  4:00  Zergling x4  
  54  4:03  Spore Crawler  
  54  4:08  Drone x4  
  54  4:09  Overlord  
  57  4:15  Spore Crawler  
  56  4:17  Zergling x2  
  56  4:24  Drone x2  
  57  4:28  Drone x2  
  57  4:32  Roach Warren  
  56  4:45  Drone x6  
  62  4:55  Overlord  
  62  4:57  Drone x2  
  64  5:00  Extractor  
  64  5:02  Extractor  
  64  5:04  Extractor, Drone  
  64  5:06  Drone x2  
  64  5:09  Lair, Overlord x2  
  64  5:11  Drone  
  65  5:18  Overlord x2  
  65  5:19  Drone x4  
  69  5:29  Extractor  
  69  5:30  Extractor  
  69  5:34  Overlord  
  67  5:37  Drone x5  
  67  5:40  Overlord  
  67  5:41  Drone x4  
  76  5:43  Hatchery  
  75  6:04  Drone x3  
  75  6:05  Overlord x2, Drone x2  
  75  6:07  Drone  
  81  6:12  Infestation Pit  
  81  6:15  Drone  
  81  6:16  Overlord  
  81  6:19  Spore Crawler, Drone  
  81  6:20  Drone  
  81  6:53  Hatchery  
  81  6:57  Overlord x4  
  81  7:01  Queen  
  81  7:03  Queen x2  
  81  7:04  Swarm Host x2  
  81  7:05  Swarm Host x9  
  120  7:21  Overlord x3  
  122  7:22  Roach  
  122  7:23  Roach x10  
  122  7:24  Glial Reconstitution  
  122  7:28  Roach  
  144  7:31  Nydus Network  
  144  7:36  Overlord  
  143  7:38  Roach  
  143  7:39  Roach x2  
  149  7:50  Overlord  
  147  8:00  Roach  
  147  8:01  Roach x5  
  159  8:11  Nydus Canal  
  159  8:19  Queen  
  159  8:20  Roach  
  159  8:21  Roach x9  
  181  8:29  Nydus Canal  
  174  8:51  Queen x2  
  178  8:57  Roach x6  
  184  9:08  Queen x2  
  150  9:23  Drone x11  
  151  9:26  Nydus Canal  
  151  9:27  Queen x2  
  151  9:39  Drone  
  151  9:40  Drone x7  
  151  9:43  Hydralisk Den, Extractor  
  151  9:44  Extractor  
  156  10:01  Drone x3  
  159  10:12  Drone x2  
  159  10:13  Drone x4  
  164  10:21  Spore Crawler  
  164  10:22  Hydralisk x10, Spore Crawler  
  164  10:23  Spore Crawler  
  181  10:41  Spore Crawler  
  180  10:43  Nydus Canal, Spore Crawler x2, Hatchery  
  180  10:44  Spore Crawler  
  176  10:51  Hydralisk  
  176  10:52  Hydralisk x6, Drone  
  186  10:57  Muscular Augments  
  184  11:15  Hive  
  184  11:17  Spire  
  183  11:24  Drone x10  
  183  11:25  Drone x5  
  192  11:39  Drone  
  176  11:48  Drone  
  176  11:49  Drone  
  176  11:50  Extractor  
  176  11:52  Extractor, Spore Crawler x2  
  176  11:53  Overlord x2, Spore Crawler  
  176  11:54  Spore Crawler x2  
  172  11:55  Spore Crawler  
  172  11:56  Spore Crawler x2  
  168  12:04  Spore Crawler  
  168  12:05  Lurker Den  
  168  12:07  Spore Crawler  
  165  12:08  Grooved Spines  
  165  12:13  Hatchery, Drone  
  165  12:14  Drone x2  
  165  12:15  Drone x2  
  166  12:41  Corruptor  
  168  12:49  Hydralisk x3, Spore Crawler x2  
  168  12:50  Hydralisk x5, Spore Crawler  
  181  12:57  Spore Crawler  
  181  12:58  Corruptor x8, Zerg Flyer Weapons Level 1  
  180  12:59  Corruptor x2  
  200  13:07  Overlord  
  200  13:13  Spore Crawler  
  200  13:14  Spore Crawler  
  198  13:21  Spore Crawler x2  
  198  13:22  Spore Crawler x2  
  194  13:42  Nydus Canal, Pneumatized Carapace  
  194  13:44  Overseer  
  194  13:45  Overseer x2  
  194  13:48  Drone x6  
  200  13:59  Spore Crawler x3  
  197  14:03  Spore Crawler x2  
  195  14:16  Nydus Canal  
  195  14:18  Lurker x2  
  195  14:19  Lurker x5  
  195  14:22  Evolution Chamber  
  199  14:24  Evolution Chamber  
  199  14:26  Spire  
  161  14:48  Corruptor x13  
  143  14:53  Corruptor x5  
  143  14:54  Infestor  
  143  14:55  Infestor x7  
  148  15:24  Drone x2  
  148  15:25  Infestor x3  
  134  15:29  Drone x4  
  134  15:30  Spore Crawler  
  134  15:31  Spore Crawler  
  134  15:32  Spore Crawler  
  128  15:43  Drone  
Show
View Real Time Build Order
Export as new Build Order

MarcoMan Protoss - Winner!

Build Orders: 1 Gate Expand, Oracle Opening, Carriers 

Get SALT Encoding   

  12  0:00  Probe  
  13  0:12  Probe  
  14  0:20  Pylon  
  14  0:24  Probe  
  15  0:38  Probe (Chrono Boost)  
  15  0:39  Gateway  
  17  0:50  Probe (Chrono Boost)  
  17  0:51  Assimilator  
  17  0:55  Probe (Chrono Boost)  
  18  1:07  Probe  
  19  1:19  Probe  
  20  1:27  Nexus  
  20  1:37  Cybernetics Core  
  20  1:41  Probe  
  21  1:50  Assimilator  
  21  1:53  Probe  
  22  1:55  Pylon  
  22  2:05  Probe  
  23  2:11  Adept (Chrono Boost)  
  23  2:14  Warp Gate  
  25  2:17  Probe  
  26  2:31  Adept (Chrono Boost)  
  28  2:41  Probe x2  
  30  2:49  Stargate  
  30  2:53  Adept, Probe x2  
  34  3:05  Gateway, Probe  
  35  3:17  Probe  
  36  3:27  Probe  
  37  3:29  Probe  
  38  3:36  Oracle (Chrono Boost)  
  38  3:39  Probe  
  38  3:41  Probe  
  43  3:47  Pylon  
  43  3:51  Probe  
  43  3:53  Probe  
  45  4:00  Void Ray  
  49  4:18  Nexus  
  49  4:19  Probe x2  
  49  4:20  Pylon  
  47  4:31  Probe x2  
  49  4:38  Shield Battery  
  49  4:41  Adept x2  
  49  4:43  Probe  
  49  4:44  Probe  
  49  4:45  Assimilator  
  55  4:49  Assimilator  
  55  4:53  Void Ray  
  55  4:56  Pylon, Probe x2 (Chrono Boost)  
  61  5:06  Probe (Chrono Boost)  
  62  5:08  Stargate  
  62  5:11  Probe  
  62  5:12  Twilight Council, Probe  
  64  5:19  Pylon  
  64  5:22  Forge  
  64  5:24  Probe x2  
  66  5:35  Void Ray, Probe (Chrono Boost)  
  67  5:37  Probe x2 (Chrono Boost)  
  73  5:45  Probe (Chrono Boost)  
  73  5:46  Probe x2 (Chrono Boost)  
  76  5:50  Probe x2 (Chrono Boost)  
  76  5:51  Void Ray, Probe (Chrono Boost)  
  76  5:53  Pylon  
  79  6:01  Probe  
  79  6:03  Photon Cannon, Probe  
  85  6:05  Templar Archives  
  85  6:07  Probe  
  86  6:11  Assimilator  
  86  6:13  Probe  
  86  6:15  Assimilator, Probe  
  88  6:19  Probe  
  88  6:21  Adept  
  88  6:24  Void Ray  
  88  6:25  Probe  
  92  6:27  Probe  
  97  6:37  Photon Cannon  
  97  6:46  Protoss Air Weapons Level 1 (Chrono Boost)  
  97  6:49  Probe x2  
  99  6:56  Psionic Storm  
  99  7:06  Probe x2  
  101  7:10  Pylon, Photon Cannon  
  101  7:11  Shield Battery  
  101  7:14  Pylon x2  
  101  7:19  Photon Cannon  
  101  7:22  Photon Cannon  
  101  7:24  Photon Cannon  
  101  7:25  Shield Battery  
  101  7:26  Pylon  
  101  7:28  Shield Battery, Gateway, Probe  
  102  7:30  Pylon  
  102  7:32  High Templar x2  
  102  7:34  Void Ray x2  
  106  7:39  Fleet Beacon  
  114  7:51  Gateway  
  114  7:52  Gateway  
  114  8:05  High Templar, Stargate  
  114  8:06  Pylon  
  114  8:09  High Templar  
  118  8:23  Carrier (Chrono Boost)  
  118  8:26  Pylon  
  124  8:28  Pylon  
  124  8:30  Pylon  
  124  8:41  Zealot x2  
  124  8:42  Zealot  
  130  8:54  Zealot  
  130  8:55  Zealot  
  133  9:00  Protoss Air Weapons Level 2 (Chrono Boost)  
  133  9:09  Void Ray (Chrono Boost)  
  129  9:17  Carrier (Chrono Boost)  
  139  9:24  Photon Cannon  
  139  9:26  Photon Cannon  
  139  9:34  Photon Cannon  
  139  9:35  Photon Cannon  
  139  9:46  Carrier x2 (Chrono Boost)  
  151  10:08  Photon Cannon  
  151  10:19  Pylon  
  151  10:20  Pylon  
  157  10:22  Carrier (Chrono Boost), Nexus  
  157  10:24  Assimilator  
  157  10:28  Assimilator  
  157  10:31  Pylon  
  157  10:33  Pylon  
  157  10:37  Shield Battery  
  157  10:43  Carrier  
  157  10:45  Carrier  
  168  11:10  Photon Cannon  
  168  11:12  Photon Cannon  
  168  11:13  Photon Cannon  
  168  11:15  Shield Battery  
  168  11:16  Shield Battery  
  168  11:18  Gateway  
  168  11:20  Gateway  
  168  11:23  Carrier  
  172  11:35  Archon  
  172  11:38  Zealot x2  
  172  11:39  Zealot x2  
  171  11:47  Carrier  
  171  11:50  Photon Cannon  
  171  11:51  Photon Cannon  
  171  11:53  Shield Battery  
  177  12:04  Carrier  
  177  12:07  Photon Cannon  
  183  12:09  Photon Cannon  
  183  12:20  Stargate  
  183  12:24  Protoss Shields Level 1 (Chrono Boost), Robotics Facility  
  183  12:25  High Templar x4  
  191  12:45  Carrier  
  191  12:47  Flux Vanes, Protoss Air Weapons Level 3 (Chrono Boost)  
  197  12:55  Charge (Chrono Boost), Shield Battery, Photon Cannon  
  197  13:01  Gateway x2  
  197  13:07  Photon Cannon  
  197  13:11  Pylon  
  197  13:14  Observer (Chrono Boost)  
  198  13:27  Observer (Chrono Boost)  
  199  13:43  Pylon, Nexus  
  199  13:45  Pylon  
  199  13:50  Assimilator  
  199  13:55  Assimilator  
  198  14:31  Nexus  
  177  15:05  Zealot x4  
  177  15:06  Zealot x5  
  191  15:57  Photon Cannon  
  179  15:58  Shield Battery  
Tags
 
Add a new tag
Caveats
  • Supply blocks, unpowered buildings, or Contaminate may cause inaccurate times.
  • Supply counts are checked every 10 seconds.